 Dungeon Crawl Stone Soup version 0.29.0-4-gdea44cf6ec (webtiles) character file.

Game seed: 11364097617145438684

409 qw the Chopper (level 6, 0/35 HPs)
             Began as a Tengu Warper on Aug 28, 2022.
             Slain by Menkaure (10 damage)
             ... on level 4 of the Dungeon.
             The game lasted 00:00:26 (3678 turns).

qw the Chopper (Tengu Warper)                       Turns: 3678, Time: 00:00:26

Health: 0/35       AC: 17    Str: 13    XL:     6   Next: 89%
Magic:  10/10      EV:  5    Int: 19    God:
Gold:   137        SH:  0    Dex: 14    Spells: 9/9 levels left

rFire   . . .      SeeInvis .   Y - +0 war axe
rCold   . . .      Faith    .   (no shield)
rNeg    . . .      Spirit   .   l - +0 plate armour
rPois   .          Reflect  .   a - +0 hat of Purpose {Will+ rCorr Int+6}
rElec   .          Harm     .   (no cloak)
rCorr   +          Rampage  .   m - +1 pair of gloves
Will    +....                   (boots unavailable)
Stlth   ..........              (no amulet)
HPRegen 0.11/turn               d - +4 ring of protection
MPRegen 0.12/turn               (no ring)

@: flying quickly and evasively, quick
A: beak, talons 3, nimble flight
a: no special abilities


You were on level 4 of the Dungeon.
You visited 1 branch of the dungeon, and saw 4 of its levels.

You collected 137 gold pieces.


Innate Abilities, Weirdness & Mutations

You have a beak for a mouth.
You have claws for feet.
Your magical nature lets you fly swiftly and evasively.


   Skills:
 + Level 2.0 Fighting
 - Level 7.0 Axes
 - Level 1.0 Throwing
 - Level 3.3 Armour
 - Level 2.1 Dodging
 - Level 2.0 Spellcasting
 - Level 2.4 Translocations


You had 9 spell levels left.
You didn't know any spells.
Your spell library contained the following spells:

 Spells                   Type           Power      Damage    Failure   Level
 Blink                    Tloc           22%        N/A       100%        2
 Gell's Gravitas          Tloc           11%        N/A       100%        3
 Lesser Beckoning         Tloc           11%        N/A       100%        3
 Teleport Other           Tloc           11%        N/A       100%        3
 Manifold Assault         Tloc           11%        N/A       100%        5

Inventory:

Hand Weapons
 b - a +0 morningstar
 Y - a +0 war axe (weapon)
Armour
 a - the +0 hat of Purpose (worn) {Will+ rCorr Int+6}
   (You acquired it on level 2 of the Dungeon)

   Int:       It affects your intelligence (+6).
   rCorr:     It protects you from acid and corrosion.
   Will:      It increases your willpower.
 l - a +0 plate armour (worn)
 m - a +1 pair of gloves (worn)
Jewellery
 d - a +4 ring of protection (left hand)
Scrolls
 e - a scroll of vulnerability {unknown}
 f - a scroll of identify
Potions
 c - 2 potions of curing
 k - a potion of mutation {unknown}
 p - a potion of attraction {unknown}

Dungeon Overview and Level Annotations

Branches:
Dungeon (4/15)
 Temple: D:4-7

Altars:
Elyvilon
Ru
Sif Muna
Vehumet
Yredelemnul

Annotations:
D:4 Menkaure, Sigmund


Message History

You hit the ogre. You claw the ogre. You peck the ogre, but do no damage.
The ogre is severely wounded.
You slash the ogre!
You kill the ogre!
Your Axes skill increases to level 7!
You start resting.
HP restored.
You see here a +0 giant club.
Menkaure, Prince of Dust comes into view.
Menkaure shouts!
Enter note:
3668 ||| Stepping ~*~*~tactically~*~*~ (hiding).
You start waiting.
Menkaure is nearby!
Found a rapier.
Menkaure casts a spell at you. You resist with some effort.
You hit Menkaure but do no damage. Your kick misses Menkaure.
Sigmund the Dreaded comes into view.
He is wielding a +1 scythe of protection and wearing a +1 robe of the Archmagi.
Menkaure hits you!
You barely miss Menkaure.
Sigmund shouts!
Your peck misses Menkaure. Your punch misses Menkaure.
Menkaure's bandages flutter.
Menkaure gestures at you while chanting.
Pain shoots through your body!
You hit Menkaure but do no damage. You peck Menkaure.
Menkaure is lightly damaged.
Sigmund casts a spell.
Sigmund flickers and vanishes!
Deactivating autopickup; reactivate with Ctrl-A.
Menkaure hits you!
You hit Menkaure.
Menkaure is moderately damaged.
Menkaure hits you but does no damage.
You completely miss Menkaure. You claw Menkaure.
You peck Menkaure, but do no damage.
Menkaure is heavily damaged.
Menkaure hits you!
You die...

##....### ##..
#.....#.## #...
##....##..### #...
###...#...#...# #..
##....##...#..## #...
#....####....##
##...###...##.#....###
#..........##....###.##
#.....@....##...)##...#
#....M.....#..#........
............#..#........
....##......#...........
... ..................#
.. ...............##.##
. ...)............#....
.......##............
..........##.


You could see Menkaure.

Vanquished Creatures
  An ogre (D:4)
  A phantom (D:4)
  A scorpion (D:4)
  An orc priest (D:3)
  Robin (D:2)
  4 adders
  A dart slug (D:2)
  5 orcs
  6 endoplasms
  3 giant cockroaches
  16 goblins
  11 hobgoblins
  21 jackals
  5 quokkas
  6 ball pythons
  3 bats (D:3)
  3 frilled lizards (D:1)
  8 kobolds
  5 rats
102 creatures vanquished.

Notes
Turn   | Place    | Note
-------+----------+-------------------------------------------
     0 | D:1      | qw the Tengu Warper began the quest for the Orb.
     0 | D:1      | Reached XP level 1. HP: 12/12 MP: 4/4
     0 | D:1      | 0 ||| qw: Version: 0.1-a-89-g26bdef1
     0 | D:1      | 0 ||| qw: Game counter: 431
     0 | D:1      | 0 ||| qw: Always use a shield: true
     0 | D:1      | 0 ||| qw: God list: Okawaru
     0 | D:1      | 0 ||| qw: Allow faded altars: false
     0 | D:1      | 0 ||| qw: Do Orc after D:15 true
     0 | D:1      | 0 ||| qw: Do second Lair branch before Depths: true
     0 | D:1      | 0 ||| qw: Lair rune preference: random
     0 | D:1      | 0 ||| qw: Plans: Normal
     0 | D:1      | 0 ||| PLANNING D:1-11
   111 | D:1      | Reached XP level 2. HP: 17/17 MP: 6/6
   116 | D:1      | Reached skill level 3 in Axes
   369 | D:1      | 369 ||| DROPPING +0 club.
   517 | D:1      | 517 ||| Stepping ~*~*~tactically~*~*~ (stealth).
   518 | D:1      | 518 ||| Stepping ~*~*~tactically~*~*~ (stealth).
   519 | D:1      | 519 ||| Stepping ~*~*~tactically~*~*~ (stealth).
   521 | D:1      | 521 ||| Stepping ~*~*~tactically~*~*~ (stealth).
   523 | D:1      | 523 ||| Stepping ~*~*~tactically~*~*~ (stealth).
   524 | D:1      | 524 ||| Stepping ~*~*~tactically~*~*~ (stealth).
   525 | D:1      | 525 ||| Stepping ~*~*~tactically~*~*~ (stealth).
   527 | D:1      | 527 ||| Stepping ~*~*~tactically~*~*~ (stealth).
   528 | D:1      | 528 ||| Stepping ~*~*~tactically~*~*~ (stealth).
   530 | D:1      | 530 ||| Stepping ~*~*~tactically~*~*~ (stealth).
   531 | D:1      | 531 ||| Stepping ~*~*~tactically~*~*~ (stealth).
   544 | D:1      | 544 ||| Stepping ~*~*~tactically~*~*~ (stealth).
   545 | D:1      | 545 ||| Stepping ~*~*~tactically~*~*~ (stealth).
   546 | D:1      | 546 ||| Stepping ~*~*~tactically~*~*~ (stealth).
   547 | D:1      | 547 ||| Stepping ~*~*~tactically~*~*~ (stealth).
   613 | D:1      | Reached XP level 3. HP: 13/21 MP: 7/7
   952 | D:1      | Reached skill level 4 in Axes
   976 | D:1      | Found a faded altar of an unknown god.
  1221 | D:1      | 1221 ||| UPGRADING to +4 ring of protection.
  1222 | D:1      | 1222 ||| READING scroll labelled GAJITWE GOOSS.
  1223 | D:1      | 1223 ||| READING 3 scrolls labelled ENLUEH JAEF.
  1224 | D:1      | 1224 ||| READING scroll labelled DENIFY VAXKULA.
  1225 | D:1      | 1225 ||| DROPPING scroll of blinking.
  1249 | D:2      | Found a basalt altar of Yredelemnul.
  1310 | D:2      | Noticed Robin
  1329 | D:2      | Reached XP level 4. HP: 19/26 MP: 8/8
  1341 | D:2      | Killed Robin
  1610 | D:2      | Reached skill level 5 in Axes
  1619 | D:2      | 1619 ||| Stepping ~*~*~tactically~*~*~ (hiding).
  1721 | D:2      | 1721 ||| FLEEEEING.
  1724 | D:2      | 1724 ||| Stepping ~*~*~tactically~*~*~ (hiding).
  1727 | D:2      | 1727 ||| FLEEEEING.
  1734 | D:2      | 1734 ||| FLEEEEING.
  1746 | D:2      | 1746 ||| Stepping ~*~*~tactically~*~*~ (hiding).
  1790 | D:2      | 1790 ||| Stepping ~*~*~tactically~*~*~ (stealth).
  1800 | D:2      | 1800 ||| Stepping ~*~*~tactically~*~*~ (stealth).
  1825 | D:2      | 1825 ||| Stepping ~*~*~tactically~*~*~ (stealth).
  1826 | D:2      | 1826 ||| Stepping ~*~*~tactically~*~*~ (stealth).
  1834 | D:2      | 1834 ||| FLEEEEING.
  1835 | D:2      | 1835 ||| Stepping ~*~*~tactically~*~*~ (stealth).
  1836 | D:2      | 1836 ||| FLEEEEING.
  2058 | D:2      | 2058 ||| Stepping ~*~*~tactically~*~*~ (stealth).
  2228 | D:2      | 2228 ||| UPGRADING to +0 pair of gloves.
  2233 | D:2      | 2233 ||| READING scroll labelled TICKIE PERY.
  2236 | D:2      | 2236 ||| READING scroll labelled GEDGHI WIMOMIUC.
  2237 | D:2      | 2237 ||| READING 2 scrolls of identify.
  2237 | D:2      | 2237 ||| IDENTIFYING fuming dark potion
  2364 | D:3      | Found a sacrificial altar of Ru.
  2372 | D:3      | 2372 ||| SWAPPING to +0 war axe.
  2373 | D:3      | 2373 ||| DROPPING +1 hand axe.
  2459 | D:3      | Gained mutation: Your magical nature lets you fly swiftly
                  | and evasively. [Tengu growth]
  2459 | D:3      | Reached XP level 5. HP: 30/30 MP: 9/9
  2545 | D:3      | Found a white marble altar of Elyvilon.
  2545 | D:3      | Found a radiant altar of Vehumet.
  2545 | D:3      | Found a shimmering blue altar of Sif Muna.
  2938 | D:3      | Reached skill level 6 in Axes
  2938 | D:3      | 2938 ||| FLEEEEING.
  2939 | D:3      | 2939 ||| FLEEEEING.
  2940 | D:3      | 2940 ||| FLEEEEING.
  2941 | D:3      | 2941 ||| FLEEEEING.
  2942 | D:3      | 2942 ||| FLEEEEING.
  2943 | D:3      | 2943 ||| FLEEEEING.
  2944 | D:3      | 2944 ||| FLEEEEING.
  2945 | D:3      | 2945 ||| FLEEEEING.
  2946 | D:3      | 2946 ||| FLEEEEING.
  2947 | D:3      | 2947 ||| FLEEEEING.
  2948 | D:3      | 2948 ||| FLEEEEING.
  2949 | D:3      | 2949 ||| FLEEEEING.
  2950 | D:3      | 2950 ||| FLEEEEING.
  2955 | D:3      | 2955 ||| FLEEEEING.
  2959 | D:3      | 2959 ||| FLEEEEING.
  2960 | D:3      | 2960 ||| FLEEEEING.
  2965 | D:3      | 2965 ||| FLEEEEING.
  2966 | D:3      | 2966 ||| FLEEEEING.
  2967 | D:3      | 2967 ||| FLEEEEING.
  2968 | D:3      | 2968 ||| FLEEEEING.
  2969 | D:3      | 2969 ||| FLEEEEING.
  2970 | D:3      | 2970 ||| FLEEEEING.
  2971 | D:3      | 2971 ||| FLEEEEING.
  2972 | D:3      | 2972 ||| FLEEEEING.
  2973 | D:3      | 2973 ||| FLEEEEING.
  2974 | D:3      | 2974 ||| FLEEEEING.
  2986 | D:3      | 2986 ||| FLEEEEING.
  2987 | D:3      | 2987 ||| FLEEEEING.
  2988 | D:3      | 2988 ||| FLEEEEING.
  2989 | D:3      | 2989 ||| FLEEEEING.
  2990 | D:3      | 2990 ||| FLEEEEING.
  2991 | D:3      | 2991 ||| FLEEEEING.
  2996 | D:3      | 2996 ||| STAIRDANCE
  3069 | D:2      | 3069 ||| UPGRADING to +0 plate armour.
  3079 | D:2      | 3079 ||| DROPPING +0 leather armour.
  3080 | D:2      | 3080 ||| UPGRADING to +1 pair of gloves.
  3090 | D:2      | 3090 ||| DROPPING +0 pair of gloves.
  3091 | D:2      | 3091 ||| READING scroll labelled WIREOXISED.
  3092 | D:2      | 3092 ||| READING scroll labelled KUOLUU YZOI.
  3092 | D:2      | Identified a scroll of acquirement
  3092 | D:2      | 3092 ||| ACQUIRING +0 hat of Purpose {Will+ rCorr Int+6}
  3092 | D:2      | Acquired the +0 hat of Purpose {Will+ rCorr Int+6}
  3094 | D:2      | 3094 ||| UPGRADING to +0 hat of Purpose {Will+ rCorr
                  | Int+6}.
  3099 | D:2      | 3099 ||| READING 4 scrolls of identify.
  3099 | D:2      | 3099 ||| IDENTIFYING lumpy coppery potion
  3100 | D:2      | 3100 ||| READING 3 scrolls of identify.
  3100 | D:2      | 3100 ||| IDENTIFYING sapphire potion
  3101 | D:2      | 3101 ||| READING 2 scrolls of identify.
  3101 | D:2      | 3101 ||| IDENTIFYING silvery potion
  3102 | D:2      | 3102 ||| DROPPING potion of lignification.
  3103 | D:2      | 3103 ||| DROPPING potion of berserk rage.
  3276 | D:4      | Noticed a +0 falchion
  3276 | D:4      | Noticed a +0 dagger
  3276 | D:4      | Noticed a +0 dagger
  3276 | D:4      | Noticed a +0 short sword
  3276 | D:4      | Noticed a +0 short sword
  3276 | D:4      | Noticed a +0 falchion
  3276 | D:4      | Noticed a +0 spear
  3276 | D:4      | Noticed a +0 spear
  3302 | D:4      | 3302 ||| DROPPING +0 whip.
  3384 | D:4      | Noticed a phantom
  3395 | D:4      | Killed a phantom
  3395 | D:4      | HP: 7/30 [poisoned by a scorpion]
  3396 | D:4      | Reached skill level 3 in Armour
  3396 | D:4      | Reached XP level 6. HP: 8/35 MP: 10/10
  3396 | D:4      | 3396 ||| DRINKING potion of heal wounds.
  3564 | D:4      | Reached skill level 7 in Axes
  3667 | D:4      | Noticed Menkaure
  3668 | D:4      | 3668 ||| Stepping ~*~*~tactically~*~*~ (hiding).
  3674 | D:4      | Noticed Sigmund
  3678 | D:4      | Slain by Menkaure

Levels and vault maps discovered:
D:1:      minmay_arrival_four_circles, layout_loops_ring,
          ebering_ecumenical_altar_box, minmay_domino_2
D:2:      layout_loops_cross, basic_altar, uniq_robin
D:3:      layout_basic, nicolae_overflow_crystal_walls,
          gammafunk_temple_overflow_claw, kennysheep_generic_room_15
D:4:      layout_cave_pools, nicolae_uskayaw_en_pointe,
          amethyst_overflow_temple_binary, ebering_ghost_rock_garden,
          uniq_sigmund, uniq_menkaure

Skill      XL: |  1  2  3  4  5  6 |
---------------+-------------------+-----
Axes           | 3 4 5 6 7 |  7.0
Armour         | 3 |  3.3
Fighting       | |  2.0
Throwing       | |  1.0
Dodging        | |  2.1
Spellcasting   | |  2.0
Translocations | |  2.4

Action                   |  1- 3 |  4- 6 || total
-------------------------+-------+-------++-------
Melee: Hand axe          |    90 |    63 ||   153
       Kick              |    18 |    36 ||    54
       Peck              |    15 |    19 ||    34
       Punch             |     1 |       ||     1
       War axe           |       |    75 ||    75
Throw: Boomerang         |     7 |       ||     7
  Use: Scroll            |     3 |     8 ||    11
       Potion            |       |     1 ||     1
Armor: Leather armour    |    17 |    34 ||    51
       Plate armour      |       |    41 ||    41
Dodge: Dodged            |    49 |    54 ||   103

Table legend:
 A = Non-vault XP
 B = Vault XP
 C = Vault XP percentage of total XP
 D = Non-vault monster count
 E = Vault monster count
 F = Vault count percentage of total count
                 A         B        C        D         E       F
            +---------+---------+-------+---------+---------+-------
      Total |     544 |      41 |   7.0 |      87 |      15 |  14.7
            +---------+---------+-------+---------+---------+-------
        D:1 |      48 |       4 |   7.7 |      28 |       2 |   6.7
        D:2 |      71 |      35 |  33.0 |      26 |      12 |  31.6
        D:3 |      81 |       2 |   2.4 |      19 |       1 |   5.0
        D:4 |     344 |       0 |   0.0 |      14 |       0 |   0.0
            +---------+---------+-------+---------+---------+-------
